 Dungeon Crawl Stone Soup version 0.28-a0-1435-g82390b3a13 (webtiles) character file.

Game seed: 6118971396436019185

70 knot the Chopper (level 4, 35/35 HPs)
             Began as a Demonspawn Berserker on Jan 10, 2022.
             Was a Follower of Trog.
             Quit the game on level 2 of the Dungeon.
             The game lasted 00:01:23 (1939 turns).

knot the Chopper (Demonspawn Berserker)             Turns: 1939, Time: 00:01:24

Health: 35/35      AC:  2    Str: 18    XL:     4   Next: 4%
Magic:  4/4        EV: 12    Int: 10    God:    Trog [*.....]
Gold:   87         SH:  0    Dex: 12    Spells: 3/3 levels left

rFire   . . .      SeeInvis .   a - +0 hand axe
rCold   . . .      Faith    .   (no shield)
rNeg    . . .      Spirit   .   b - +0 animal skin
rPois   .          Reflect  .   (no helmet)
rElec   .          Harm     .   (no cloak)
rCorr   .          Rampage  .   (no gloves)
Will    .....                   (no boots)
Stlth   +.........              (no amulet)
HPRegen 0.11/turn               (no ring)
MPRegen 0.09/turn               (no ring)

@: no status effects
A: ignite blood 1, weakness stinger 1
a: Renounce Religion, Berserk


You were on level 2 of the Dungeon.
You worshipped Trog.
Trog was aware of your devotion.
You visited 1 branch of the dungeon, and saw 2 of its levels.

You collected 87 gold pieces.

Inventory:

Hand Weapons
 a - a +0 hand axe (weapon)
Missiles
 h - 60 stones (quivered)
 l - 17 poisoned darts
 o - 27 sling bullets
Armour
 b - a +0 animal skin (worn)
Jewellery
 i - a ring of ice
Scrolls
 d - a scroll of blinking {unknown}
 f - 2 scrolls of teleportation {unknown}
 g - 2 scrolls of identify {unknown}
 k - a scroll of vulnerability {unknown}
 n - a scroll of immolation {unknown}
Potions
 c - a potion of flight {unknown}
 e - a potion of invisibility {unknown}
 j - a potion of curing {unknown}
 m - a potion of lignification {unknown}


   Skills:
 - Level 3.0 Fighting
 + Level 4.5 Axes
 - Level 1.7 Armour
 - Level 1.7 Dodging


You had 3 spell levels left.
You didn't know any spells.
Your spell library was empty.

Dungeon Overview and Level Annotations

Branches:
Dungeon (2/15)

Altars:

Shops:
D:1 *


Innate Abilities, Weirdness & Mutations

Your demonic aura sometimes causes spilled blood to erupt in flames.
You have a small tail.


Message History

Trog accepts your kill.
No target in view!
No target in view!
No target in view!
A worm comes into view.
A worm is nearby!
No reachable target in view!
A worm is nearby!
No reachable target in view!
No reachable target in view!
No reachable target in view!
No reachable target in view!
A worm is nearby!
A worm is nearby!
No reachable target in view!
No reachable target in view!
No reachable target in view!
You see here a +0 dagger.
No reachable target in view!
No reachable target in view!
No reachable target in view!
Something bites the fungus.
The fungus begins to die.
Something bites the fungus.
Found 14 stones.
The worm closely misses you.
You slash the worm!
The worm is heavily wounded.
The worm closely misses you.
You hit the worm.
The worm is heavily wounded.
You slash the worm!
The worm is almost dead.
The worm closely misses you.
You hit the worm.
You kill the worm!
Trog accepts your kill.
You have reached level 4!
You feel stronger.
Your demonic ancestry asserts itself...
Your blood heats up.
Are you sure you want to abandon this character and quit the game? (Confirm with "yes".)

#.##.......##
#.....PP....#####
#....♣...PP... .#
#.#..P♣.PP...# ..
#.#..P♣_.....#
.######
#...P♣♣..P..#
.#.....
##...PPP♣♣P.#
.(.....
##....PP..†###...#
##........@...#
##############


There were no monsters in sight!

Vanquished Creatures
  Terence (D:2)
  An adder (D:2)
  A worm (D:2)
  2 dart slugs
  A bat (D:1)
  4 endoplasms
  5 goblins
  A hobgoblin (D:2)
  3 jackals (D:1)
  A kobold (D:1)
  A quokka (D:2)
  2 ball pythons (D:2)
  5 rats
28 creatures vanquished.

Vanquished Creatures (others)
  A fungus (D:2)
1 creature vanquished.

Grand Total: 29 creatures vanquished

Notes
Turn   | Place    | Note
-------+----------+-------------------------------------------
     0 | D:1      | knot the Demonspawn Berserker began the quest for the Orb.
     0 | D:1      | Reached XP level 1. HP: 18/18 MP: 1/1
    46 | D:1      | Reached skill level 3 in Axes
   302 | D:1      | Gained mutation: You have a small tail. [demonic ancestry]
   302 | D:1      | Reached XP level 2. HP: 17/24 MP: 2/2
   603 | D:1      | Found Vaazued's General Store.
  1381 | D:2      | Reached XP level 3. HP: 21/29 MP: 3/3
  1567 | D:2      | Reached skill level 4 in Axes
  1579 | D:2      | Noticed Terence
  1589 | D:2      | Killed Terence
  1908 | D:2      | Found a faded altar of an unknown god.
  1939 | D:2      | Gained mutation: Your demonic aura sometimes causes spilled
                  | blood to erupt in flames. [demonic ancestry]
  1939 | D:2      | Reached XP level 4. HP: 35/35 MP: 4/4
  1939 | D:2      | Quit the game

Illustrated notes

Levels and vault maps discovered:
D:1:      beargit_arrival_greenhouse, layout_rooms, serial_shops, shop,
          minmay_misc_feat_plants, chequers_serial_rivers_micro_a,
          item_on_display_a
D:2:      layout_loops_ring, dreamdust_ecumenical_altar_grove,
          kennysheep_pointless_box, uniq_terence

Skill      XL: |  1  2  3 |
---------------+----------+-----
Axes           | 3 4 |  4.5
Fighting       | |  3.0
Armour         | |  1.7
Dodging        | |  1.7

Action                   |  1- 3 |  4- 6 || total
-------------------------+-------+-------++-------
Melee: Hand axe          |    87 |       ||    87
       Tailslap          |     6 |       ||     6
       Punch             |     1 |       ||     1
Invok: Berserk           |     1 |       ||     1
Armor: Animal skin       |    12 |       ||    12
Dodge: Dodged            |    49 |       ||    49

Table legend: (Time is in decaauts)
 A = Elapsed time spent in this place.
 B = Non-inter-level travel time spent in this place.
 C = Inter-level travel time spent in this place.
 D = Time resting spent in this place.
 E = Time spent auto-exploring this place.
 F = Levels seen in this place.
 G = Mean time per level.
                   A        B        C        D        E       F      G
               +--------+--------+--------+--------+--------+-----+--------+
         Total |   1960 |   1950 |     10 |    658 |   1068 |   2 |  980.0 |
       Dungeon |   1960 |   1950 |     10 |    658 |   1068 |   2 |  980.0 |
               +--------+--------+--------+--------+--------+-----+--------+

Top non-repeatable levels by time:
     D:1: 1006 daAuts
     D:2: 953 daAuts
